 Dungeon Crawl Stone Soup version 0.24-a0-504-gcfb02b9 (webtiles) character file.

Game seed: 17493407380048033350

4412 Draznyth the Basher (level 10, -3/105 HPs)
             Began as a Deep Dwarf Fighter on June 17, 2019.
             Was a Believer of Makhleb.
             Killed from afar by a starcursed mass (7 damage)
             ... with an accursed screaming
             ... on level 2 of the Abyss on July 16, 2019.
             The game lasted 00:32:30 (7092 turns).

Draznyth the Basher (Deep Dwarf Fighter)            Turns: 7092, Time: 00:32:31

Health: -3/105     AC: 21    Str: 23    XL:     10   Next: 14%
Magic:  3/3 (10)   EV: 11    Int: 18    God:    Makhleb [**....]
Gold:   364        SH:  8    Dex: 10    Spells: 9/9 levels left

rFire    . . .     SeeInvis +   I - +2 flail (antimagic)
rCold    + . .     Gourm    .   u - +3 buckler {AC+3}
rNeg     . . .     Faith    .   A - +3 scale mail of Experimentation {rC+ Regen+ Int+4 Slay+3}
rPois    .         Spirit   .   o - +2 helmet
rElec    .         Reflect  .   d - +2 cloak {+Inv}
rCorr    .         Harm     .   (no gloves)
MR       +....     Clarity  +   H - +0 pair of boots
Stlth    ..........             (no amulet)
HPRegen  0.00/turn              r - ring of see invisible
MPRegen  0.08/turn              w - +5 ring of intelligence

@: very slightly contaminated, non-regenerating
A: damage resistance, heal wounds, repulsion field 1, clarity, clumsy 1, sense
surroundings 2, robust 1, no regeneration
a: Heal Wounds, Minor Destruction, Renounce Religion, Evoke Invisibility


You were on level 2 of the Abyss.
You worshipped Makhleb.
Makhleb was pleased with you.
You were hungry.

You visited 1 branch of the dungeon, and saw 8 of its levels.
You visited the Abyss 1 time.

You collected 364 gold pieces.

Inventory:

Hand Weapons
 a - a +0 flail of crushing
 q - a cursed -2 hunting sling
 s - a +3 whip
 z - a +0 hand axe of venom
 I - a +2 antimagic flail (weapon)
 J - a +0 morningstar
Missiles
 e - 122 arrows
 B - 15 boomerangs (quivered)
 C - 35 bolts
 D - 2 throwing nets
 E - 29 sling bullets
Armour
 c - a +0 shield
 d - a +2 cloak of invisibility (worn)
 o - a +2 helmet (worn)
 u - a +3 buckler of protection (worn)
 A - the +3 scale mail of Experimentation (worn) {rC+ Regen+ Int+4 Slay+3}
   (You found it on level 4 of the Dungeon)

   It affects your intelligence (+4).
   It affects your accuracy and damage with ranged weapons and melee attacks
   (+3).
   It protects you from cold.
   It increases your rate of regeneration.
 H - a +0 pair of boots (worn)
 K - the cursed +0 chain mail of Amelioration {-Tele Str+3 Int+2 Slay+5, unknown}
   (You found it on level 8 of the Dungeon)

   It affects your strength (+3).
   It affects your intelligence (+2).
   It affects your accuracy and damage with ranged weapons and melee attacks
   (+5).
   It prevents most forms of teleportation.
   It has a curse placed upon it.
Jewellery
 k - an uncursed ring of protection from cold
 r - a ring of see invisible (left hand)
 w - a +5 ring of intelligence (right hand)
 G - an uncursed ring of fire
Wands
 m - a wand of enslavement (12)
Scrolls
 g - 5 scrolls of identify
 h - 6 scrolls of remove curse
 i - 5 scrolls of teleportation
 x - 2 scrolls of magic mapping
 y - a scroll of enchant weapon
 M - a scroll of amnesia
Potions
 b - a potion of resistance
 j - a potion of lignification
 n - 2 potions of flight
 p - a potion of curing
 t - a potion of heal wounds {unknown}
 v - 3 potions of brilliance
 F - a potion of agility {unknown}
Comestibles
 f - 16 rations


   Skills:
 + Level 7.7 Fighting
 * Level 11.2 Maces & Flails
 - Level 5.2 Armour
 - Level 5.0 Shields
 * Level 3.5 Invocations


You had 9 spell levels left.
You didn't know any spells.
Your spell library contained the following spells:

 Spells                   Type           Power        Failure   Level  Hunger
 Confusing Touch          Hex            #.....       45%         1    ##.....
 Summon Small Mammal      Summ           #...         45%         1    ##.....
 Call Imp                 Summ           #.......     61%         2    ###....
 Call Canine Familiar     Summ           #.......     83%         3    ####...
 Confuse                  Hex            #.......     83%         3    ####...
 Gell's Gravitas          Tloc           #.........   83%         3    ####...
 Summon Guardian Golem    Hex/Summ       #.......     83%         3    ####...
 Petrify                  Tmut/Erth      #.......     99%         4    #####..
 Summon Ice Beast         Ice/Summ       #.......     99%         4    #####..
 Summon Lightning Spire   Summ/Air       #.......     99%         4    #####..
 Metabolic Englaciation   Hex/Ice        #.........   100%        5    ######.
 Yara's Violent Unravell  Hex/Tmut       #.........   100%        5    ######.


Dungeon Overview and Level Annotations

Branches:
Dungeon (8/15)             Temple (0/1) D:7
   Lair: D:8-11

Altars:
Elyvilon
Fedhas
Kikubaaqudgha
Makhleb
Nemelex Xobeh
Okawaru
Qazlal
Uskayaw
Vehumet
Xom
Zin
The Shining One

Shops:
D:5 :

Annotations:
D:4 3 runed translucent doors, AcePleiades's ghost, amateur GrFi
D:8 2 runed translucent doors, exclusion: orange crystal statue, Psyche


Innate Abilities, Weirdness & Mutations

You are resistant to damage.
You can heal yourself by infusing magical energy.
You passively map the area around you.
You do not regenerate.
You are surrounded by a mild repulsion field. (EV +2)
You possess an exceptional clarity of mind.
You are clumsy. (Dex -2)
You are robust. (+10% HP)


Message History

The starcursed mass closely misses you.
You hit the starcursed mass.
The starcursed mass is severely damaged.
The starcursed mass shudders and is absorbed by its neighbour.
The starcursed mass engulfs you but does no damage.
You hit the starcursed mass but do no damage.
The starcursed mass is heavily damaged.
A starcursed mass splits.
You sock the starcursed mass!
The starcursed mass is severely damaged.
The starcursed mass shudders and is absorbed by its neighbour.
You are no longer terrified.
A starcursed mass splits. x2
Really quaff the potion of mutation?
You feel extremely strange.
Your thoughts seem clearer.
You begin to radiate repulsive energy.
You feel clumsy.
You feel robust. You block the starcursed mass's attack.
A deafening chorus of shrieks assaults your mind!
You die...

#. .##. . # .
#.#..# #. #
#... ## ##.#
#.#..# .#.# #
#..#. #....#
#... X.# .# .
#.##X##.#...
#
###X@#.Wx....
.#X#X# ..####
###


You could see 5 starcursed masses.

Vanquished Creatures
  A two-headed ogre (D:7)
  An orange demon (Abyss:2)
  A hungry ghost (D:7)
  Edmund (D:5)
  2 water moccasins
  Duvessa (D:5)
  A sky beast (D:8)
  2 black bears
  An orc warrior (D:7)
  A phantom (D:4)
  An ice beast (D:6)
  4 ogres
  A centaur (D:8)
  2 bullfrogs (D:6)
  A wyvern skeleton (D:6)
  Dowan (D:5)
  A scorpion (D:4)
  6 wights
  5 howler monkeys
  5 crimson imps
  4 hounds
  3 jellies
  A gnoll shaman (D:7)
  2 orc priests
  7 orc wizards
  Crazy Yiuf (D:7)
  2 iguanas
  Terence (D:2)
  A bullfrog skeleton (D:4)
  7 worker ants
  Robin (D:3)
  5 gnolls (D:7)
  5 adders
  A shadow imp (D:6)
  4 oozes
  A worm (D:2)
  2 adder skeletons
  3 dart slugs
  6 leopard geckos
  18 orcs
  A ball python (D:3)
  7 bats
  3 giant cockroaches
  13 goblins
  10 hobgoblins
  6 jackals
  10 kobolds
  6 quokkas
  6 frilled lizards
  A jackal zombie (D:6)
  2 leopard gecko skeletons
  8 rats
187 creatures vanquished.

Vanquished Creatures (collateral kills)
  An orc warrior (D:5)
  An orc wizard (D:5)
  An orc (D:5)
  A giant cockroach (D:5)
4 creatures vanquished.

Vanquished Creatures (others)
  A hippogriff (D:7)
  2 howler monkeys (D:7)
  An orc wizard (D:7)
  An adder (D:7)
  An orc (D:7)
6 creatures vanquished.

Grand Total: 197 creatures vanquished

Notes
Turn   | Place    | Note
-------+----------+-------------------------------------------
     0 | D:1      | Draznyth the Deep Dwarf Fighter began the quest for the
                  | Orb.
     0 | D:1      | Reached XP level 1. HP: 20/20 MP: 1/1
    79 | D:1      | Reached XP level 2. HP: 25/27 MP: 2/2
   402 | D:1      | Reached skill level 3 in Maces & Flails
   473 | D:1      | Reached XP level 3. HP: 28/34 MP: 3/3
  1146 | D:2      | Noticed Terence
  1152 | D:2      | Killed Terence
  1184 | D:2      | Reached XP level 4. HP: 25/42 MP: 4/4
  1294 | D:2      | Reached skill level 4 in Maces & Flails
  1556 | D:2      | Found a shimmering altar of Xom.
  1558 | D:2      | Found a shimmering altar of Xom.
  1558 | D:2      | Found a shimmering altar of Xom.
  1901 | D:3      | Found a burning altar of Makhleb.
  1911 | D:3      | Noticed Robin
  1917 | D:3      | Killed Robin
  2037 | D:3      | Reached XP level 5. HP: 15/50 MP: 5/5
  2281 | D:3      | Reached skill level 5 in Maces & Flails
  2446 | D:3      | Upgraded the game from 0.24-a0-439-g6dd8730 to
                  | 0.24-a0-504-gcfb02b9
  2859 | D:4      | Found an ancient bone altar of Kikubaaqudgha.
  2869 | D:4      | Found a white marble altar of Elyvilon.
  2873 | D:4      | Reached XP level 6. HP: 12/57 MP: 6/6
  2885 | D:4      | Found a hide-covered altar of Uskayaw.
  2897 | D:4      | Found a stormy altar of Qazlal.
  2945 | D:3      | Became a worshipper of Makhleb the Destroyer
  3081 | D:4      | Got a fine scale mail
  3092 | D:4      | Identified the +3 scale mail of Experimentation {rC+ Regen+
                  | Int+4 Slay+3} (You found it on level 4 of the Dungeon)
  3216 | D:4      | Reached skill level 6 in Maces & Flails
  3313 | D:4      | Reached XP level 7. HP: 9/66 MP: 7/7
  3540 | D:4      | Reached skill level 5 in Fighting
  3632 | D:4      | Found a glowing golden altar of the Shining One.
  3749 | D:4      | Found a runed translucent gate.
  3751 | D:4      | Found a runed translucent gate.
  3752 | D:4      | Found a runed translucent gate.
  3754 | D:4      | Noticed AcePleiades's ghost (amateur GrFi)
  3764 | D:5      | Entered Level 5 of the Dungeon
  3780 | D:5      | Reached skill level 7 in Maces & Flails
  3871 | D:5      | Noticed Edmund
  3890 | D:5      | Killed Edmund
  3929 | D:5      | Reached * piety under Makhleb
  3933 | D:5      | Noticed Duvessa
  3944 | D:5      | Killed Duvessa
  3944 | D:5      | Reached skill level 8 in Maces & Flails
  3944 | D:5      | Reached XP level 8. HP: 13/75 MP: 2/7
  3949 | D:5      | Noticed Dowan
  3963 | D:5      | Killed Dowan
  4075 | D:5      | Found Efolatyd's Book Emporium.
  4373 | D:6      | Reached skill level 9 in Maces & Flails
  4497 | D:6      | Reached ** piety under Makhleb
  4674 | D:6      | Found a glowing silver altar of Zin.
  4674 | D:6      | Found an iron altar of Okawaru.
  4676 | D:6      | Found a sparkling altar of Nemelex Xobeh.
  4890 | D:7      | Found a staircase to the Ecumenical Temple.
  4908 | D:7      | Gained mutation: You passively map the area around you.
                  | [Deep Dwarf growth]
  4908 | D:7      | Reached XP level 9. HP: 31/85 MP: 2/7
  4988 | D:7      | Noticed a two-headed ogre
  5106 | D:7      | Reached skill level 10 in Maces & Flails
  5106 | D:7      | Reached skill level 5 in Shields
  5356 | D:7      | Killed a two-headed ogre
  5356 | D:7      | Reached skill level 5 in Armour
  5557 | D:7      | Reached skill level 1 in Invocations
  5779 | D:7      | Found a radiant altar of Vehumet.
  5940 | D:7      | Found a runed translucent door.
  5940 | D:7      | Noticed Crazy Yiuf
  5948 | D:7      | Killed Crazy Yiuf
  6052 | D:8      | Got a jewelled chain mail
  6078 | D:8      | Reached skill level 11 in Maces & Flails
  6217 | D:8      | Found a runed translucent door.
  6227 | D:8      | Found the +10 large shield of Ignorance {rN+ Int-4}
  6260 | D:8      | Found a runed translucent door.
  6278 | D:8      | Noticed an orange crystal statue
  6388 | D:8      | Reached XP level 10. HP: 83/94 MP: 3/9
  6395 | D:8      | Reached *** piety under Makhleb
  6505 | D:8      | Found a blossoming altar of Fedhas.
  6727 | D:8      | Noticed Psyche
  6999 | D:8      | Cast into level 2 of the Abyss (Psyche)
  6999 | Abyss:2  | Found a corrupted altar of Lugonu.
  7012 | Abyss:2  | Noticed an orange demon
  7021 | Abyss:2  | Killed an orange demon
  7056 | Abyss:2  | Noticed a starcursed mass
  7074 | Abyss:2  | Noticed an eidolon
  7078 | Abyss:2  | Noticed a starcursed mass
  7084 | Abyss:2  | HP: 4/96 [small abomination (14)]
  7092 | Abyss:2  | Gained mutation: You possess an exceptional clarity of
                  | mind. [potion of mutation]
  7092 | Abyss:2  | Gained mutation: You are surrounded by a mild repulsion
                  | field. (EV +2) [potion of mutation]
  7092 | Abyss:2  | Gained mutation: You are clumsy. (Dex -2) [potion of
                  | mutation]
  7092 | Abyss:2  | Gained mutation: You are robust. (+10% HP) [potion of
                  | mutation]
  7092 | Abyss:2  | Killed from afar by a starcursed mass

Levels and vault maps discovered:
D:1:      dpeg_arrival_rooms_with_view, layout_basic
D:2:      layout_basic, xom_redecorated, hangedman_glass_teeth, uniq_terence
D:3:      minmay_diamond_boxcup, layout_loops_ring, lemuel_crystal_altar,
          uniq_robin
D:4:      layout_rooms, grunt_temple_overflow_cloverleaf, kennysheep_little_box,
          gammafunk_ghost_necromancy, minmay_quadrilaterals
D:5:      layout_rooms, first_ration, serial_shops, nicolae_shop_stone,
          uniq_duvessa, uniq_edmund
D:6:      nicolae_whirlpool, layout_basic, grunt_temple_overflow_open,
          serial_park_tiny_pond
D:7:      layout_loops_ring, fiery_altar_vehumet,
          minmay_temple_entry_from_below_b, grunt_ogre_cave,
          uniq_crazy_yiuf_cottage
D:8:      layout_loops_corners, kennysheep_mini,
          chequers_guarded_unrand_ignorance, uniq_psyche
Abyss:2:  evilmike_abyss_exit_smiterflies

Skill      XL: |  1  2  3  4  5  6  7  8  9 10 |
---------------+-------------------------------+-----
Fighting       | 3 4 5 6 7 |  7.7
Maces & Flails | 3 4 5 6 8 9 11 | 11.2
Shields        | 4 5 |  5.0
Armour         | 5 |  5.2
Invocations    | 2 3 |  3.5

Action                   |  1- 3 |  4- 6 |  7- 9 | 10-12 || total
-------------------------+-------+-------+-------+-------++-------
Melee: Flail             |   112 |   257 |   303 |    64 ||   736
Invok: Minor Destruction |       |       |       |     7 ||     7
       Lesser Servant of |       |       |       |     1 ||     1
 Abil: Heal Wounds       |       |     1 |     3 |     1 ||     5
       Evoke Invisibilit |       |       |       |     1 ||     1
  Use: Scroll            |       |     2 |    16 |       ||    18
       Potion            |       |     1 |     3 |     1 ||     5
 Stab: Distracted        |       |       |     1 |       ||     1
       Invisible         |       |       |       |     1 ||     1
  Eat: Chunk             |     1 |     7 |    12 |     2 ||    22
Armor: Scale mail        |    46 |     9 |   114 |    25 ||   194
       Chain mail        |       |   139 |       |       ||   139
       Skin              |       |       |     6 |       ||     6
Dodge: Dodged            |    28 |    87 |    93 |    17 ||   225
Block: Shield            |    59 |    95 |       |       ||   154
       Buckler           |       |    36 |    82 |    12 ||   130

Table legend:
 A = Non-vault XP
 B = Vault XP
 C = Vault XP percentage of total XP
 D = Non-vault monster count
 E = Vault monster count
 F = Vault count percentage of total count
                 A         B        C        D         E       F
            +---------+---------+-------+---------+---------+-------
      Total |    5670 |     633 |  10.0 |     161 |      30 |  15.7
            +---------+---------+-------+---------+---------+-------
        D:1 |      52 |       3 |   5.5 |      25 |       2 |   7.4
        D:2 |      59 |      38 |  39.2 |      18 |       1 |   5.3
        D:3 |     150 |      55 |  26.8 |      12 |      19 |  61.3
        D:4 |     603 |      11 |   1.8 |      20 |       3 |  13.0
        D:5 |     433 |     369 |  46.0 |      15 |       3 |  16.7
        D:6 |     921 |       0 |   0.0 |      21 |       0 |   0.0
        D:7 |    2505 |     157 |   5.9 |      36 |       2 |   5.3
        D:8 |     548 |       0 |   0.0 |      13 |       0 |   0.0
    Abyss:2 |     399 |       0 |   0.0 |       1 |       0 |   0.0
            +---------+---------+-------+---------+---------+-------
